AoeStats
← Kaiser Ze

Nomad

509865597Analyzed
2v2 RM · 4d ago on Sep 28, 2026· 34m 42s· 4 players
Game mode
Random Map
Map size
176×176
Population
200
Speed
Normal
Resources
Standard
Victory
Conquest
Starting age
Dark Age
Ending age
Imperial Age
RankedLock teamsTeams togetherTeam positionsShared explorationLock speedFull tech treeHidden civsTurbo modeCheats
Victory
Defeat
🇺🇸 Maya · United States
1454
+14
🇧🇪 Mongols · Belgium
1424
+15
🇨🇳 Mongols · China
1447
-16
🇨🇳 Magyars · China
1368
-13
st9901544
14:22 Feudal Age
12:38 Loom
20:20 Castle Age
18:59 Double-Bit Axe
22:22 Fletching
23:12 Padded Archer Armor
23:13 Scale Mail Armor
23:12 Elite Skirmisher
23:53 Bodkin Arrow
32:21 Chain Mail Armor
Kaiser Ze
5:13 Loom
12:14 Feudal Age
17:34 Castle Age
15:59 Double-Bit Axe
17:09 Fletching
27:54 Bodkin Arrow
27:59 Padded Archer Armor
33:41 Bloodlines
34:50 Ballistics
Vedette87
6:29 Loom
13:36 Feudal Age
17:52 Castle Age
17:32 Double-Bit Axe
18:21 Stone Mining
19:16 Wheelbarrow
18:54 Fletching
19:53 Bow Saw
19:28 Horse Collar
19:44 Gold Mining
22:03 Bodkin Arrow
22:34 Padded Archer Armor
26:26 Guard Tower
27:43 Stone Shaft Mining
27:52 Hand Cart
29:46 Leather Archer Armor
29:43 Town Watch
30:12 Murder Holes
31:44 Ballistics
34:33 Heavy Plow
Boyser
4:54 Loom
11:43 Feudal Age
12:11 Double-Bit Axe
17:05 Fishing Lines
20:56 Castle Age
21:44 Gillnets
23:46 Wheelbarrow
22:57 Town Watch
23:25 Fletching
24:32 Bodkin Arrow
32:37 Imperial Age
30:52 Bloodlines
30:43 Husbandry
30:52 Scale Barding Armor
30:48 Padded Archer Armor
31:22 Bodkin Arrow
32:39 Ballistics
32:44 Thumb Ring
33:24 Leather Archer Armor
34:37 Parthian Tactics
34:36 Bow Saw
35:16 Bracer
Connection lost

Rejoining the realm…

Still unreachable

The connection could not be restored.

Session expired

The server has moved on; the page needs a fresh start.